AoeStats
← |GaoeG| flamingo

Arena

509462665Analyzed
2v2 RM · 5d ago on Sep 26, 2026· 47m 14s· 4 players
Game mode
Random Map
Map size
Medium (4 player)
Population
200
Speed
Normal
Resources
Standard
Victory
Conquest
Starting age
Dark Age
Ending age
Imperial Age
RankedLock teamsTeams togetherTeam positionsShared explorationLock speedFull tech treeHidden civsTurbo modeCheats
Victory
Defeat
🇭🇳 Celts · Honduras
1340
+15
🇭🇳 Persians · Honduras
1340
+15
🇪🇸 Burgundians · Spain
1357
-17
🇪🇸 Spanish · Spain
1274
-13
|GaoeG| flamingo
11:34 Feudal Age
15:19 Castle Age
13:55 Double-Bit Axe
14:08 Horse Collar
16:43 Bow Saw
21:04 Heavy Plow
27:21 Gold Mining
28:16 Wheelbarrow
28:32 Loom
34:07 Imperial Age
31:53 Hand Cart
33:39 Scale Barding Armor
33:44 Forging
34:00 Bloodlines
33:50 Husbandry
34:18 Cavalier
35:22 Chain Barding Armor
34:40 Light Cavalry
36:18 Conscription
36:46 Plate Barding Armor
36:47 Iron Casting
35:54 Paladin
43:05 Chemistry
44:42 Hussar
45:34 Padded Archer Armor
46:38 Blast Furnace
JITANOmaleant7
3:48 Double-Bit Axe
11:34 Feudal Age
10:23 Horse Collar
10:38 Gold Mining
11:47 Loom
15:37 Castle Age
14:44 Bow Saw
16:18 Forging
17:20 Horse Collar
19:22 Scale Mail Armor
22:24 Squires
29:00 Wheelbarrow
30:29 Two-Man Saw
29:30 Heavy Plow
29:22 Gold Mining
29:22 Stone Mining
32:27 Imperial Age
30:17 Hand Cart
31:31 Chain Mail Armor
33:02 Scale Barding Armor
33:33 Iron Casting
33:21 Husbandry
32:50 Cavalier
34:46 Chemistry
34:29 Gold Shaft Mining
34:31 Stone Shaft Mining
35:43 Conscription
35:33 Paladin
37:40 Chain Barding Armor
[TeBrR] Bandwidth
9:46 Feudal Age
10:03 Loom
14:12 Castle Age
12:44 Double-Bit Axe
13:06 Horse Collar
16:12 Bow Saw
26:40 Imperial Age
26:19 Wheelbarrow
29:32 Imperial Age
31:10 Imperial Age
31:36 Town Watch
32:50 Town Watch
37:01 Pikeman
38:51 Conscription
39:11 Scale Mail Armor
39:26 Halberdier
40:29 Forging
40:51 Chain Mail Armor
42:52 Iron Casting
43:08 Hand Cart
44:20 Fletching
44:53 Padded Archer Armor
46:13 Blast Furnace
46:29 Plate Mail Armor
48:00 Furor Celtica
[TeBrR] Overlord201
0:33 Loom
10:32 Feudal Age
14:35 Castle Age
12:59 Double-Bit Axe
14:03 Horse Collar
27:33 Imperial Age
27:27 Bloodlines
27:17 Husbandry
30:55 Chemistry
30:14 Husbandry
30:45 Scale Barding Armor
32:24 Heavy Plow
32:40 Bow Saw
32:52 Forging
33:39 Conscription
34:50 Two-Man Saw
35:31 Ballistics
35:06 Murder Holes
35:49 Iron Casting
35:20 Cavalier
37:05 Citadels
39:21 Savar
40:34 Gold Mining
40:36 Stone Mining
40:23 Heavy Camel Rider
44:14 Blast Furnace
44:37 Wheelbarrow
44:34 Crop Rotation
46:26 Scale Mail Armor
46:48 Chain Barding Armor
46:19 Fletching
47:25 Hand Cart
Connection lost

Rejoining the realm…

Still unreachable

The connection could not be restored.

Session expired

The server has moved on; the page needs a fresh start.